 Dungeon Crawl Stone Soup version 0.29.1 (webtiles) character file.

Game seed: 1263966297800868070

684 smilodon the Trooper (level 7, -6/55 HPs)
             Began as a Demonspawn Fighter on Sept 13, 2022.
             Was an Initiate of Nemelex Xobeh.
             Mangled by an ogre
             ... wielding a +0 giant spiked club
              (11 damage)
             ... on level 4 of the Dungeon.
             The game lasted 00:06:14 (4811 turns).

smilodon the Trooper (Demonspawn Fighter)           Turns: 4811, Time: 00:06:14

Health: -6/55      AC: 16    Str: 18    XL:     7   Next: 35%
Magic:  7/7        EV:  6    Int: 10    God:    Nemelex Xobeh [......]
Gold:   238        SH:  5    Dex: 18    Spells: 6/6 levels left

rFire   . . .      SeeInvis .   a - +0 long sword
rCold   . . .      Faith    .   c - +0 buckler
rNeg    . . .      Spirit   .   g - +0 plate armour
rPois   .          Reflect  .   o - +1 helmet
rElec   .          Harm     .   (no cloak)
rCorr   .          Rampage  .   (no gloves)
Will    .....                   (no boots)
Stlth   ..........              (no amulet)
HPRegen 0.18/turn               d - +6 ring of dexterity
MPRegen 0.10/turn               (no ring)

@: no status effects
A: molten scales 1, powered by pain 1, weakness stinger 2
a: Renounce Religion, Draw Escape, Draw Destruction, Draw Summoning


You were on level 4 of the Dungeon.
You worshipped Nemelex Xobeh.
Nemelex Xobeh was noncommittal.
You visited 1 branch of the dungeon, and saw 4 of its levels.

You collected 238 gold pieces.

Inventory:

Hand Weapons
 a - a +0 long sword (weapon)
 h - a +2 short sword of draining
Armour
 b - a +0 scale mail
 c - a +0 buckler (worn)
 g - a +0 plate armour (worn)
 o - a +1 helmet (worn)
Jewellery
 d - a +6 ring of dexterity (left hand)
Wands
 e - a wand of light (3)
Scrolls
 j - 2 scrolls of poison
 k - a scroll of identify
 l - a scroll of fog
 m - a scroll of immolation {unknown}
 n - a scroll of fear {unknown}
 p - a scroll of noise {unknown}
Potions
 f - a potion of flight
 i - a potion of cancellation


   Skills:
 + Level 4.8 Fighting
 + Level 3.8 Long Blades
 + Level 4.4 Armour
 + Level 1.8 Dodging
 + Level 4.4 Shields


You had 6 spell levels left.
You didn't know any spells.
Your spell library was empty.

Dungeon Overview and Level Annotations

Branches:
Dungeon (4/15)
 Temple: D:4-7

Altars:
Ashenzari
Gozag
Nemelex Xobeh

Shops:
D:1 [   D:4 :


Innate Abilities, Weirdness & Mutations

You are partially covered in molten scales. (AC +2)
You sometimes gain a little power by taking damage.
You have a tail ending in a sharp stinger.


Message History

The hobgoblin throws a stone.
The stone hits you.
The hobgoblin throws a stone.
The stone hits you but does no damage.
The hobgoblin hits you with the +6 quarterstaff "Ronup" {holy, rPois Str+3}.
You convulse!
You are too injured to fight recklessly!
You are too injured to fight recklessly!
You are too injured to fight recklessly!
You are too injured to fight recklessly!
You are too injured to fight recklessly!
You are too injured to fight recklessly!
You are too injured to fight recklessly!
You are too injured to fight recklessly!
You are too injured to fight recklessly!
You are too injured to fight recklessly!
You are too injured to fight recklessly!
You are too injured to fight recklessly!
You are too injured to fight recklessly!
You are too injured to fight recklessly!
The hobgoblin attacks as you move away!
The hobgoblin hits you but does no damage.
The hobgoblin throws a stone.
The stone hits you but does no damage.
You slash the ogre! You tail-slap the ogre.
The ogre is moderately wounded.
The ogre barely misses you.
You hit the ogre.
The ogre is heavily wounded.
You block the ogre's attack.
You hit the ogre.
The ogre is heavily wounded.
You hit the ogre but do no damage.
The ogre is heavily wounded.
The ogre hits you with a +0 giant spiked club!
* * * LOW HITPOINT WARNING * * *
You focus on the pain.
You feel your power returning.
The air fills with toxic fumes!
As you read the scroll labelled NUDEDE QOTEPEOQOSM, it crumbles to dust.
It was a scroll of poison.
The ogre hits you with a +0 giant spiked club!
You die...
Your body disappears without a glow.

###.##...#....##
.#..##.###....# .#.##..#
#....# ...##.## #....#
#### ......# #....# ##§§§
.#########....# #§§#
.######.......####§#####[.
......#.......##§Og§§§§§..
#.....#.......##@#).......
#.....#..§§§§§§§§#........
#........§§§§§§§##........
.........§§§§§#§#########.
#.....#..§§§§§##..
#.....#..§§§§.# .§§≈
#.....#..§§§..# ≈.§§≈§
#.....##'#§§..# ≈.≈§§.
#......'∩+.##.# ≈.§.


You could see an ogre and a hobgoblin.

Vanquished Creatures
  Sigmund (D:4)
  A centaur (D:3)
  Blork the orc (D:4)
  A necrophage (D:4)
  A howler monkey (D:3)
  An orc priest (D:3)
  A hound (D:4)
  Natasha (thrice) (D:3)
  8 adders
  A white imp (D:4)
  3 worms
  A dart slug (D:2)
  4 orcs (D:3)
  3 ball pythons
  2 endoplasms
  4 giant cockroaches
  4 goblins
  3 hobgoblins
  3 jackals (D:2)
  5 quokkas
  5 bats
  3 frilled lizards
  3 goblin skeletons (D:4)
  A goblin zombie (D:4)
  3 hobgoblin zombies (D:4)
  2 kobolds (D:1)
  2 kobold skeletons (D:4)
  3 orc skeletons (D:4)
  An orc zombie (D:4)
  6 rats
80 creatures vanquished.

Vanquished Creatures (others)
  9 fungi (D:3)
  3 plants (D:3)
12 creatures vanquished.

Grand Total: 92 creatures vanquished

Notes
Turn   | Place    | Note
-------+----------+-------------------------------------------
     0 | D:1      | smilodon the Demonspawn Fighter began the quest for the
                  | Orb.
     0 | D:1      | Reached XP level 1. HP: 18/18 MP: 1/1
   286 | D:1      | Gained mutation: You sometimes gain a little power by
                  | taking damage. [demonic ancestry]
   286 | D:1      | Reached XP level 2. HP: 6/24 MP: 2/2
   623 | D:1      | Found Ging's Antique Armour Boutique.
  1462 | D:2      | Found a broken altar of Ashenzari.
  1592 | D:2      | Reached XP level 3. HP: 17/29 MP: 3/3
  2149 | D:2      | Reached XP level 4. HP: 36/36 MP: 4/4
  2749 | D:3      | Noticed Natasha
  2759 | D:3      | Killed Natasha
  2760 | D:3      | Gained mutation: You have a small tail. [demonic ancestry]
  2760 | D:3      | Reached XP level 5. HP: 30/42 MP: 5/5
  2772 | D:3      | Noticed Natasha
  2777 | D:3      | Killed Natasha
  2796 | D:3      | Noticed a centaur
  2801 | D:3      | HP: 1/42 [centaur/arrow (4)]
  2804 | D:3      | Killed a centaur
  3069 | D:3      | Found an opulent altar of Gozag.
  3279 | D:3      | Noticed Natasha
  3283 | D:3      | Gained mutation: You have a tail ending in a sharp stinger.
                  | [demonic ancestry]
  3283 | D:3      | Reached XP level 6. HP: 42/48 MP: 6/6
  3286 | D:3      | Killed Natasha
  3398 | D:3      | Found a faded altar of an unknown god.
  3434 | D:3      | Found a sparkling altar of Nemelex Xobeh.
  3667 | D:3      | HP: 1/49 [orc priest/divine providence (11)]
  4004 | D:3      | Became a worshipper of Nemelex Xobeh the Trickster
  4218 | D:4      | Reached skill level 1 in Dodging
  4522 | D:4      | Noticed Sigmund
  4535 | D:4      | Killed Sigmund
  4536 | D:4      | Gained mutation: You are partially covered in molten
                  | scales. (AC +2) [demonic ancestry]
  4536 | D:4      | Reached XP level 7. HP: 31/55 MP: 7/7
  4769 | D:4      | Found Duzeoz's Book Emporium.
  4794 | D:4      | Noticed Blork the orc
  4797 | D:4      | Identified the +6 quarterstaff "Ronup" {holy, rPois Str+3}
  4800 | D:4      | Killed Blork the orc
  4811 | D:4      | Mangled by an ogre

Illustrated notes

Levels and vault maps discovered:
D:1:      dpeg_chamrin_arrival_tetris, layout_basic, serial_shops,
          nicolae_shop_hallway_stairs
D:2:      layout_basic, basic_altar, hangedman_decor_points
D:3:      layout_basic, nemelex_diamond_rough_becter,
          mainiacjoe_overflow_cross_hatched, mainiacjoe_overflow_boulevard,
          shapermc_ecumenical_altar_hornbeckon, hangedman_abyss_or_decor_stabs,
          chequers_serial_rivers_micro_a, nrook_campfire, uniq_natasha
D:4:      layout_rooms, mainiacjoe_overflow_paths, nicolae_tso_besieged_by_evil,
          serial_shops, nicolae_shop_behind_doors, minmay_cupped, uniq_sigmund,
          uniq_blork_the_orc

Skill      XL: |  1  2  3  4  5  6 |
---------------+-------------------+-----
Long Blades    | 2 3 |  3.8
Armour         | 3 4 |  4.4
Shields        | 3 4 |  4.4
Fighting       | 4 |  4.8
Dodging        | 1 |  1.8

Action                   |  1- 3 |  4- 6 |  7- 9 || total
-------------------------+-------+-------+-------++-------
Melee: Long sword        |   112 |   166 |    22 ||   300
       Tailslap          |       |    19 |     3 ||    22
  Use: Potion            |     1 |     7 |       ||     8
       Scroll            |       |     4 |     1 ||     5
Armor: Scale mail        |    64 |    25 |       ||    89
       Plate armour      |       |    89 |    11 ||   100
Dodge: Dodged            |    62 |    52 |     4 ||   118
Block: Buckler           |    32 |    48 |     3 ||    83
